 Dungeon Crawl Stone Soup version 0.26-a0-154-g3d63440f56 (webtiles) character file.

Game seed: 10566026772274131267

25099 tilp the Unseen (level 12, -15/62 HPs)
             Began as a Spriggan Enchanter on June 30, 2020.
             Was a Priest of Ru.
             Killed by the air
             ... invoked by Gastronok
              (28 damage)
             ... on level 3 of the Lair of Beasts.
             The game lasted 00:41:30 (18478 turns).

tilp the Unseen (Spriggan Enchanter)               Turns: 18478, Time: 00:41:31

Health: -15/62     AC:  4    Str:  4    XL:     12   Next: 86%
Magic:  25/25      EV: 35    Int: 22    God:    Ru [***...]
Gold:   881        SH:  0    Dex: 16    Spells: 14/28 levels left

rFire    + . .     SeeInvis +   a - +8 dagger (curse)
rCold    + . .     Faith    .   (shield restricted)
rNeg     . . .     Spirit   .   y - +2 robe {rC+ rF+}
rPois    +         Reflect  .   (helmet restricted)
rElec    .         Harm     .   (no cloak)
rCorr    .                      (gloves unavailable)
MR       ++...                  (boots unavailable)
Stlth    ++++++....             (no amulet)
HPRegen  0.20/turn              m - +4 ring of evasion (curse)
MPRegen  0.19/turn              s - ring of poison resistance

@: no potions, very quick
A: very small, unfitting armour, see invisible, herbivore, speed 3, slow
metabolism 2, no potion heal 1, inability to drink while threatened, inability
to train armour
a: Draw Out Power, Renounce Religion


You were on level 3 of the Lair of Beasts.
You worshipped Ru.
Ru was most pleased with you.
You were very hungry.

You visited 2 branches of the dungeon, and saw 14 of its levels.
You also visited: Ice Cave.

You collected 881 gold pieces.

Inventory:

Hand Weapons
 a - a cursed +8 dagger (weapon)
 b - a +9 quick blade
Missiles
 w - 4 throwing nets (quivered)
Armour
 y - a +2 robe of resistance (worn)
 I - a +0 troll leather armour
Jewellery
 j - an uncursed ring of protection from cold
 m - a cursed +4 ring of evasion (left hand)
 s - a ring of poison resistance (right hand)
 L - an uncursed amulet of guardian spirit
Wands
 q - a wand of paralysis (5)
 u - a wand of clouds (1)
 x - a wand of acid (5)
 C - a wand of digging (15)
 G - a wand of flame (20)
Scrolls
 d - 10 scrolls of remove curse
 e - 10 scrolls of teleportation
 i - a scroll of magic mapping
 k - 2 scrolls of fear
 l - 2 scrolls of immolation
Potions
 f - 9 potions of curing
 g - 2 potions of brilliance
 h - a potion of invisibility
 n - 5 potions of heal wounds
 o - 2 potions of might
 p - 2 potions of stabbing
 r - 3 potions of lignification
 z - 3 potions of flight
 D - a potion of berserk rage
 E - a potion of haste {unknown}
 H - a potion of mutation {unknown}
 J - a potion of magic {unknown}
Comestibles
 c - 29 rations


   Skills:
 + Level 6.3 Fighting
 - Level 10.0 Short Blades
 - Level 15.0 Dodging
 + Level 15.3 Stealth
 + Level 8.5 Spellcasting
 + Level 10.3 Hexes
 + Level 5.0 Evocations


You had 14 spell levels left.
You knew the following spells:

 Your Spells              Type           Power        Failure   Level  Hunger
b - Ensorcelled Hibernat  Hex/Ice        ####..       1%          2    None
c - Confusing Touch       Hex            ######..     1%          3    None
d - Tukima's Dance        Hex            ######..     1%          3    None
e - Dazzling Flash        Conj/Hex       ####..       2%          3    None
f - Apportation           Tloc           #.....       7%          1    None
g - Blink                 Tloc           N/A          11%         2    None

Your spell library contained the following spells:

 Spells                   Type           Power        Failure   Level  Hunger
 Corona                   Hex            ######.      1%          1    None
 Slow                     Hex            ######..     1%          2    None
 Spectral Weapon          Hex/Chrm       ####....     2%          3    None
 Summon Guardian Golem    Hex/Summ       ####....     2%          3    None
 Animate Skeleton         Necr           N/A          7%          1    None
 Infusion                 Chrm           #...         7%          1    None
 Magic Dart               Conj           #...         7%          1    None
 Summon Small Mammal      Summ           #...         7%          1    None
 Fulminant Prism          Conj/Hex       ####......   9%          4    ###....
 Call Imp                 Summ           #.......     11%         2    None
 Corpse Rot               Necr/Air       N/A          11%         2    None
 Searing Ray              Conj           #.....       11%         2    None
 Shroud of Golubria       Chrm/Tloc      #.....       11%         2    None
 Song of Slaying          Chrm           #.......     11%         2    None
 Call Canine Familiar     Summ           #.......     22%         3    None
 Conjure Flame            Conj/Fire      #.......     22%         3    None
 Mephitic Cloud           Conj/Pois/Air  #.......     22%         3    None
 Ozocubu's Armour         Chrm/Ice       #.......     22%         3    None
 Stone Arrow              Conj/Erth      #.....       22%         3    None
 Iskenderun's Mystic Bla  Conj/Tloc      #.......     56%         4    ###....
 Summon Ice Beast         Ice/Summ       #.......     56%         4    ###....
 Summon Lightning Spire   Summ/Air       #.......     56%         4    ###....
 Summon Forest            Summ/Tloc      #.........   89%         5    #####..
 Eringya's Noxious Bog    Tmut/Pois      #.........   100%        6    ######.
 Hydra Form               Tmut           #.........   100%        6    ######.
 Summon Hydra             Summ           #.........   100%        7    #######


Dungeon Overview and Level Annotations

Branches:
Dungeon (11/15)            Temple (0/1) D:4            Lair (3/6) D:11
  IceCv (visited)
  Swamp: Lair:2-4    Shoals: Lair:2-4     Snake: Lair:2-4    Spider: Lair:2-4
    Orc: D:9-12

Altars:
Fedhas
Hepliaklqana
Kikubaaqudgha
Nemelex Xobeh
Ru
Trog

Shops:
D:5 =

Annotations:
D:7 1 runed translucent door, bmj180's ghost, novice DrCj
Lair:3 Gastronok


Innate Abilities, Weirdness & Mutations

You are very small and have problems with some larger weapons.
You are too small for most types of armour.
You have supernaturally acute eyesight. (SInv)
You are a herbivore.
You cover ground extremely quickly.
You need to consume almost no food.
Potions are less effective at restoring your health.
You cannot drink potions while threatened.
You cannot train Armour skill.


Message History

The bolt of acid hits Gastronok!
Gastronok is splashed with acid.
The acid corrodes Gastronok!
Gastronok is severely wounded.
Your hands stop glowing.
You hit Gastronok but do no damage.
Gastronok is severely wounded.
Gastronok is engulfed in noxious fumes.
Gastronok begins to cast a spell, but is stunned by your will!
You puncture Gastronok!
Gastronok is almost dead.
You hit Gastronok.
Gastronok is almost dead.
You hit Gastronok.
Gastronok is almost dead.
You hit Gastronok.
Gastronok is almost dead.
Gastronok is engulfed in noxious fumes.
Gastronok waves his eye-stalks in wide circles.
The air twists around and strikes you!!
You die...

.. ..... .....
.....############
..........#§§§§.#
............§w§§..#
............@§...#
...................#
..........%<...%...##
....................#
.........$.........##
....................#
...................##
...................#
....................


You could see Gastronok (corroded).

Vanquished Creatures
  Fannar (D:10)
  3 two-headed ogres
  3 ugly things
  3 cyclopes (D:11)
  A centaur zombie (D:11)
  A gargoyle (D:11)
  5 spiny frogs
  Joseph (D:9)
  2 rime drakes (Lair:2)
  5 komodo dragons
  4 trolls
  2 hornets (D:11)
  4 blink frogs (Lair:1)
  3 hippogriffs
  A vampire (D:11)
  A wyvern (D:9)
  33 yaks
  A hungry ghost (D:11)
  Grum (D:10)
  Menkaure (D:7)
  2 soldier ants (D:11)
  5 water moccasins
  4 porcupines
  2 sky beasts
  9 ice beasts
  5 orc warriors
  2 black bears
  A phantom (D:5)
  7 ogres
  6 centaurs
  2 wolves (D:10)
  6 crocodiles
  4 bullfrogs
  3 big kobolds
  2 gnoll sergeants
  A wyvern skeleton (D:11)
  4 scorpions
  11 killer bees
  8 wights (D:6)
  2 crimson imps
  4 hounds
  A quasit (D:8)
  7 jellies
  A gnoll shaman (D:6)
  8 orc priests
  A centaur skeleton (D:5)
  2 bullfrog skeletons
  Natasha (thrice) (D:4)
  4 iguanas
  16 orc wizards
  8 worker ants
  A worker ant zombie (D:11)
  Robin (D:4)
  12 adders
  16 gnolls
  5 shadow imps
  2 oozes
  An adder zombie (D:6)
  An adder skeleton (D:7)
  2 worms
  3 dart slugs (D:1)
  7 leopard geckos
  42 orcs
  A giant cockroach (D:7)
  11 goblins
  9 hobgoblins
  7 jackals
  21 kobolds
  4 quokkas
  2 ball pythons
  9 bats
  5 frilled lizards
  A jackal zombie (D:5)
  A leopard gecko zombie (D:6)
  A quokka zombie (D:5)
  4 rats
386 creatures vanquished.

Vanquished Creatures (others)
  A human (D:10)
  An iguana (D:7)
  An orc (D:8)
  A fungus (Lair:2)
  8 plants (D:11)
12 creatures vanquished.

Grand Total: 398 creatures vanquished

Notes
Turn   | Place    | Note
-------+----------+-------------------------------------------
     0 | D:1      | tilp the Spriggan Enchanter began the quest for the Orb.
     0 | D:1      | Reached XP level 1. HP: 9/9 MP: 5/5
   246 | D:1      | Reached XP level 2. HP: 13/13 MP: 7/7
   250 | D:1      | Learned a level 2 spell: Ensorcelled Hibernation
   653 | D:1      | Reached skill level 5 in Stealth
  1037 | D:1      | Reached XP level 3. HP: 16/16 MP: 8/8
  1238 | D:2      | Learned a level 3 spell: Confusing Touch
  1852 | D:2      | Reached XP level 4. HP: 21/21 MP: 3/10
  2208 | D:2      | Found a sacrificial altar of Ru.
  2595 | D:2      | Became a worshipper of Ru the Awakened
  3167 | D:3      | Reached XP level 5. HP: 24/24 MP: 3/12
  3588 | D:4      | Noticed Natasha
  3862 | D:4      | Found a staircase to the Ecumenical Temple.
  3929 | D:4      | Gained mutation: You cannot drink potions while threatened.
                  | [Ru sacrifice]
  3929 | D:4      | Reached * piety under Ru
  4018 | D:4      | Found a bloodstained altar of Trog.
  4082 | D:4      | Found a sacrificial altar of Ru.
  4097 | D:4      | Reached XP level 6. HP: 28/28 MP: 10/13
  4749 | D:4      | Reached skill level 5 in Short Blades
  4951 | D:4      | Killed Natasha
  5071 | D:4      | Noticed Robin
  5080 | D:4      | Noticed Natasha
  5089 | D:4      | Killed Natasha
  5211 | D:4      | Noticed Natasha
  5216 | D:4      | Killed Natasha
  5712 | D:4      | Killed Robin
  5712 | D:4      | Reached XP level 7. HP: 26/32 MP: 10/15
  5801 | D:5      | Entered Level 5 of the Dungeon
  5851 | D:5      | Reached skill level 5 in Spellcasting
  5895 | D:5      | Found Weniff's Jewellery Shop.
  6131 | D:5      | Reached skill level 5 in Hexes
  6701 | D:5      | Reached XP level 8. HP: 26/36 MP: 15/18
  7293 | D:6      | Reached skill level 1 in Fighting
  7524 | D:6      | Reached skill level 5 in Dodging
  7766 | D:5      | Gained mutation: You cannot train Armour skill. [Ru
                  | sacrifice]
  7766 | D:5      | Reached ** piety under Ru
  8261 | D:6      | Reached XP level 9. HP: 41/44 MP: 9/19
  8468 | D:6      | Found a blossoming altar of Fedhas.
  9764 | D:7      | Found a runed translucent door.
  9764 | D:7      | Noticed bmj180's ghost (novice DrCj)
 10334 | D:7      | Reached skill level 10 in Stealth
 10424 | D:7      | Noticed Menkaure
 10443 | D:7      | Killed Menkaure
 10714 | D:7      | Found a sparkling altar of Nemelex Xobeh.
 10904 | D:7      | Learned a level 3 spell: Tukima's Dance
 10908 | D:7      | Learned a level 3 spell: Dazzling Flash
 10910 | D:7      | Learned a level 1 spell: Apportation
 10913 | D:7      | Learned a level 2 spell: Blink
 11413 | D:8      | Found a hazy altar of Hepliaklqana.
 11430 | D:8      | Reached XP level 10. HP: 49/49 MP: 18/23
 11787 | D:9      | Noticed a two-headed ogre
 11811 | D:9      | Killed a two-headed ogre
 11946 | D:9      | Reached skill level 5 in Fighting
 12143 | D:9      | Noticed Joseph
 12150 | D:9      | Killed Joseph
 13033 | D:10     | Entered Level 10 of the Dungeon
 13362 | D:10     | Noticed Grum
 13367 | D:10     | Reached XP level 11. HP: 56/56 MP: 21/24
 13374 | D:10     | Killed Grum
 13508 | D:10     | Noticed Fannar
 13529 | D:10     | Killed Fannar
 13868 | D:10     | Found an ancient bone altar of Kikubaaqudgha.
 14129 | D:11     | Reached skill level 1 in Evocations
 14504 | D:11     | Found a staircase to the Lair.
 14532 | D:11     | Reached skill level 10 in Dodging
 14622 | D:11     | Noticed a cyan ugly thing
 14623 | D:11     | Killed a cyan ugly thing
 14845 | D:11     | Noticed a two-headed ogre
 14853 | D:11     | Killed a two-headed ogre
 15248 | D:11     | Reached skill level 10 in Hexes
 15312 | D:11     | Noticed a two-headed ogre
 15319 | D:11     | Killed a two-headed ogre
 15484 | D:11     | Reached skill level 10 in Short Blades
 15535 | Lair:1   | Entered Level 1 of the Lair of Beasts
 15547 | Lair:1   | Reached XP level 12. HP: 61/61 MP: 20/25
 15832 | Lair:1   | Reached skill level 15 in Stealth
 16318 | Lair:1   | Gained mutation: Potions are less effective at restoring
                  | your health. [Ru sacrifice]
 16318 | Lair:1   | Reached *** piety under Ru
 16771 | Lair:2   | Found a frozen archway.
 16856 | IceCv    | Entered an ice cave
 16857 | IceCv    | Found a transporter.
 16979 | IceCv    | Found a transporter.
 17115 | Lair:2   | Reached skill level 15 in Dodging
 17779 | Lair:2   | Reached skill level 5 in Evocations
 18274 | Lair:2   | Identified a scroll of acquirement
 18383 | Lair:3   | Noticed Gastronok
 18478 | Lair:3   | Killed from afar by Gastronok

Illustrated notes

Levels and vault maps discovered:
D:1:      minmay_arrival_four_circles, layout_loops_ring
D:2:      layout_basic, nicolae_ru_path_of_blood
D:3:      layout_rooms
D:4:      layout_cave_pools, grunt_temple_overflow_open,
          minmay_temple_entry_offerings, uniq_natasha, uniq_robin
D:5:      layout_rooms, serial_shops, shop, first_ration
D:6:      layout_basic, fedhas_altar_1
D:7:      layout_loops_ring, hellmonk_ghost_happy_afterlife,
          nemelex_lonely_heart_becter, uniq_menkaure
D:8:      layout_cave_pools, kennysheep_mini
D:9:      layout_basic, uniq_joseph
D:10:     layout_stronghold, tgw_kikubaaqudgha, uniq_grum, uniq_fannar
D:11:     wad_crossroads, layout_loops_ring, david_lair_shrubbed,
          hangedman_pestilent_swarm, bh_walls_and_bars
Lair:1:   layout_cave_shapes
Lair:2:   layout_regular_city, portal_ice_cave_rime
Lair:3:   lemuel_reptile_caves, layout_long_grid, shoals_dummy_entry,
          minmay_snake_entry_guardpost_small, uniq_gastronok

Skill      XL: |  1  2  3  4  5  6  7  8  9 10 11 12 |
---------------+-------------------------------------+-----
Spellcasting   | 3 4 6 8 |  8.5
Stealth        | 5 6 7 8 11 12 14 15 | 15.3
Short Blades   | 2 3 4 5 7 8 10 | 10.0
Hexes          | 4 7 8 10 | 10.3
Fighting       | 3 6 |  6.3
Dodging        | 8 11 15 | 15.0
Evocations     | 4 5 |  5.0

Action                   |  1- 3 |  4- 6 |  7- 9 | 10-12 || total
-------------------------+-------+-------+-------+-------++-------
Melee: Dagger            |    64 |   102 |   315 |   456 ||   937
 Cast: Corona            |     2 |       |       |       ||     2
       Ensorcelled Hiber |    19 |    88 |   121 |   195 ||   423
       Confusing Touch   |     1 |     2 |    20 |    24 ||    47
Invok: Sacrifice Drink   |       |     1 |       |       ||     1
       Sacrifice Durabil |       |       |     1 |       ||     1
       Reject Sacrifices |       |       |     1 |       ||     1
       Sacrifice Purity  |       |       |       |     1 ||     1
Evoke: Wand              |       |       |     1 |     3 ||     4
  Use: Scroll            |     1 |     4 |     4 |    16 ||    25
 Stab: Sleeping          |    24 |    49 |    77 |   134 ||   284
       Confused          |     1 |     2 |    18 |    23 ||    44
       Distracted        |       |       |     4 |       ||     4
       Invisible         |       |       |     1 |       ||     1
  Eat: Ration            |       |     3 |     3 |     3 ||     9
Armor: Robe              |     4 |     6 |     8 |    11 ||    29
Dodge: Dodged            |    48 |    77 |   204 |   242 ||   571

Table legend:
 A = Non-vault XP
 B = Vault XP
 C = Vault XP percentage of total XP
 D = Non-vault monster count
 E = Vault monster count
 F = Vault count percentage of total count
                 A         B        C        D         E       F
            +---------+---------+-------+---------+---------+-------
      Total |   29441 |    6415 |  17.9 |     350 |      38 |   9.8
            +---------+---------+-------+---------+---------+-------
        D:1 |      48 |       0 |   0.0 |      24 |       0 |   0.0
        D:2 |      72 |       0 |   0.0 |       9 |       0 |   0.0
        D:3 |     139 |       4 |   2.8 |      27 |       2 |   6.9
        D:4 |     415 |      67 |  13.9 |      17 |      11 |  39.3
        D:5 |     981 |       0 |   0.0 |      26 |       0 |   0.0
        D:6 |    1684 |       0 |   0.0 |      48 |       0 |   0.0
        D:7 |    1394 |     157 |  10.1 |      27 |       1 |   3.6
        D:8 |     603 |       0 |   0.0 |      19 |       0 |   0.0
        D:9 |    4611 |     403 |   8.0 |      46 |       1 |   2.1
       D:10 |     428 |    1399 |  76.6 |      21 |       4 |  16.0
       D:11 |    7224 |    1802 |  20.0 |      32 |       9 |  22.0
     Lair:1 |    7058 |       0 |   0.0 |      29 |       0 |   0.0
     Lair:2 |    4648 |     713 |  13.3 |      24 |       2 |   7.7
     Lair:3 |     136 |       0 |   0.0 |       1 |       0 |   0.0
      IceCv |       0 |    1870 | 100.0 |       0 |       8 | 100.0
            +---------+---------+-------+---------+---------+-------
